[Event "Yuri Averbakh's 85-jubilee "]
[Site "Naberezhnye Chelny"]
[Date "2007.02.17"]
[Round "1"]
[White "Alyautdinov, Rushan"]
[Black "Zakirov, Rustam"]
[Result "0-1"]
[ECO "B19"]
[WhiteElo "2186"]
[BlackElo "2279"]
[Annotator "Deniapkin,Konstantin"]
[PlyCount "132"]
[TimeControl "180"]

{48MB, Shredder9.ctg, COMPUTER} 1. e4 c6 2. d4 d5 3. Nc3 dxe4 4. Nxe4 Bf5 5.
Ng3 Bg6 6. h4 h6 7. h5 Bh7 8. Nf3 Nd7 9. Bd3 Bxd3 10. Qxd3 e6 11. Bf4 Ngf6 12.
O-O-O Qa5 13. Kb1 O-O-O 14. Qe2 Be7 15. Bd2 Qc7 16. Ne5 Nxe5 17. dxe5 Nd7 18.
f4 Rhe8 19. c4 a5 20. Be3 Nc5 21. Rxd8+ Rxd8 22. Rd1 Rxd1+ 23. Qxd1 Qd7 24.
Qxd7+ Kxd7 25. Bxc5 Bxc5 26. Ne4 Be3 27. g3 b5 28. b3 bxc4 29. bxc4 Kc7 30. Kc2
f5 31. exf6 gxf6 32. Kd3 Bg1 33. Nc3 f5 34. Ne2 Bf2 35. Kc3 Kd6 36. Kc2 e5 37.
Kc3 Be1+ 38. Kc2 a4 39. Kd1 Ba5 40. Kc2 Be1 41. Kd1 Bf2 42. Kc2 e4 43. Kd2 Kc5
44. Kc3 Be1+ 45. Kb2 Kxc4 46. Kc2 c5 47. Kd1 Bf2 48. Kd2 Bd4 49. Kc2 Bf6 50.
Ng1 Kd4 51. Kd2 c4 52. Ne2+ Kc5 53. Kc1 e3 54. Kd1 Kd5 55. Kc2 a3 56. Kd1 Ke4
57. Kc2 Kf3 58. Kd1 Kf2 59. Nc1 Bb2 60. Ne2 Kf1 61. g4 fxg4 62. f5 Be5 63. Nc1
g3 64. Ne2 g2 65. f6 Bxf6 66. Ng3+ Kf2 0-1

[Event "Yuri Averbakh's 85-jubilee "]
[Site "Naberezhnye Chelny"]
[Date "2007.02.17"]
[Round "1"]
[White "Sadykov, Aidar"]
[Black "Dimukhametov, Artur"]
[Result "0-1"]
[ECO "B34"]
[WhiteElo "2266"]
[BlackElo "2211"]
[Annotator "Deniapkin,Konstantin"]
[PlyCount "62"]
[TimeControl "180"]

{48MB, Shredder9.ctg, COMPUTER} 1. e4 c5 2. Nf3 Nc6 3. d4 cxd4 4. Nxd4 g6 5.
Nc3 Bg7 6. Be3 Nf6 7. Nxc6 bxc6 8. e5 Ng8 9. f4 f6 10. f5 Qa5 11. exf6 Bxf6 12.
fxg6 Bxc3+ 13. bxc3 Qxc3+ 14. Kf2 Qf6+ 15. Ke1 hxg6 16. Bd3 d6 17. Rf1 Bf5 18.
Kd2 Rxh2 19. Qf3 Kd7 20. Rab1 Rc8 21. Qg3 Rh5 22. Ba6 Rc7 23. Be2 Qh4 24. Qf3
Qa4 25. Rb3 Qxa2 26. Rc3 Nf6 27. Bd3 Nd5 28. Rb3 Bxd3 29. Rxd3 Rf5 30. Qg4 Qa5+
31. Ke2 Nc3+ 0-1

[Event "Yuri Averbakh's 85-jubilee "]
[Site "Naberezhnye Chelny"]
[Date "2007.02.17"]
[Round "1"]
[White "Kniazev, Igor"]
[Black "Maksimov, Sergei"]
[Result "1-0"]
[ECO "E14"]
[WhiteElo "2254"]
[BlackElo "2262"]
[Annotator "Deniapkin,Konstantin"]
[PlyCount "73"]
[TimeControl "180"]

{48MB, Shredder9.ctg, COMPUTER} 1. d4 Nf6 2. c4 e6 3. Nf3 c5 4. e3 b6 5. Nc3
Bb7 6. Bd3 Be7 7. O-O O-O 8. e4 cxd4 9. Nxd4 Nc6 10. Nxc6 dxc6 11. e5 Nd7 12.
Qh5 g6 13. Qe2 Qc7 14. Re1 Nc5 15. Bc2 Rfd8 16. b4 Nd7 17. a3 a5 18. Rb1 axb4
19. axb4 c5 20. b5 Nxe5 21. Qxe5 Bd6 22. Qf6 Bxh2+ 23. Kh1 Bd6 24. Bh6 Bf8 25.
Bf4 Qe7 26. Be5 Qxf6 27. Bxf6 Rd2 28. Be4 Bxe4 29. Nxe4 Rc2 30. Rec1 Raa2 31.
Rxc2 Rxc2 32. Rd1 Rxc4 33. f3 h6 34. Rd8 Rb4 35. Be7 f5 36. Rxf8+ Kg7 37. Nd6
1-0

[Event "Yuri Averbakh's 85-jubilee "]
[Site "Naberezhnye Chelny"]
[Date "2007.02.17"]
[Round "1"]
[White "Aleksandrov, Vladimir"]
[Black "Gavariev, Renat"]
[Result "1/2-1/2"]
[ECO "E19"]
[WhiteElo "2300"]
[BlackElo "2309"]
[Annotator "Deniapkin,Konstantin"]
[PlyCount "117"]
[TimeControl "180"]

{48MB, Shredder9.ctg, COMPUTER} 1. d4 Nf6 2. c4 e6 3. Nf3 b6 4. g3 Bb7 5. Bg2
Be7 6. Nc3 Ne4 7. Qc2 Nxc3 8. Qxc3 O-O 9. O-O f5 10. Ne5 Bxg2 11. Kxg2 d6 12.
Qf3 dxe5 13. Qxa8 exd4 14. Bd2 a5 15. a3 Qd7 16. b4 Nc6 17. Qa6 axb4 18. axb4
Bxb4 19. Bxb4 Nxb4 20. Qb5 Qxb5 21. cxb5 Nd5 22. Ra7 Rc8 23. Rb1 Kf8 24. Rb3
Ke7 25. Ra4 e5 26. f4 Ke6 27. fxe5 Kxe5 28. Kf2 Nc3 29. Ra1 Kd5 30. e3 Kc4 31.
Rb2 Nxb5 32. Rc1+ Nc3 33. exd4 Ra8 34. d5 Ra3 35. d6 cxd6 36. Rxb6 d5 37. Rb7
g5 38. Rxh7 Kd3 39. Rd7 d4 40. Kf1 Kd2 41. Re1 d3 42. h4 gxh4 43. gxh4 Ra4 44.
Re5 Nd1 45. Re2+ Kc3 46. Re1 Rxh4 47. Rxd3+ Kxd3 48. Rxd1+ Ke3 49. Rd8 Ra4 50.
Rb8 Ra2 51. Rb3+ Kf4 52. Rc3 Kg4 53. Rb3 Ra4 54. Rc3 Re4 55. Kf2 Rf4+ 56. Kg2
Rb4 57. Kf2 f4 58. Ra3 Rb2+ 59. Kf1 1/2-1/2

[Event "Yuri Averbakh's 85-jubilee "]
[Site "Naberezhnye Chelny"]
[Date "2007.02.17"]
[Round "1"]
[White "Davletshin, Mars"]
[Black "Mironov, Vyacheslav"]
[Result "1-0"]
[ECO "A31"]
[WhiteElo "2112"]
[BlackElo "2025"]
[Annotator "Deniapkin,Konstantin"]
[PlyCount "39"]
[TimeControl "180"]

{48MB, Shredder9.ctg, COMPUTER} 1. d4 c5 2. Nf3 Nf6 3. c4 g6 4. Nc3 cxd4 5.
Nxd4 Bg7 6. e4 O-O 7. Be2 d6 8. O-O Nbd7 9. Be3 a6 10. f4 Nc5 11. Bf3 Qb6 12.
Rb1 e5 13. fxe5 Ne8 14. b4 Ne6 15. Nf5 Qc7 16. Nxg7 N6xg7 17. Nd5 Qd8 18. Bb6
Qd7 19. exd6 Qe6 20. Nc7 1-0

[Event "Yuri Averbakh's 85-jubilee "]
[Site "Naberezhnye Chelny"]
[Date "2007.02.19"]
[Round "2"]
[White "Maksimov, Sergei"]
[Black "Davletshin, Mars"]
[Result "0-1"]
[ECO "C21"]
[WhiteElo "2262"]
[BlackElo "2112"]
[Annotator "Deniapkin,Konstantin"]
[PlyCount "60"]
[TimeControl "180"]

{48MB, Shredder9.ctg, COMPUTER} 1. e4 e5 2. d4 exd4 3. c3 dxc3 4. Nxc3 Nc6 5.
Bc4 Nf6 6. Nf3 d6 7. Ng5 Ne5 8. f4 Nxc4 9. Qa4+ Qd7 10. Qxc4 h6 11. Nf3 Qc6 12.
Qd3 Be6 13. b3 d5 14. e5 Ne4 15. Bd2 Nxd2 16. Nd4 Qb6 17. Kxd2 Bb4 18. f5 Bxc3+
19. Kxc3 Bc8 20. Rae1 O-O 21. g4 c5 22. Ne2 Qb4+ 23. Kb2 Bd7 24. Qg3 a5 25. Qf4
d4 26. f6 g5 27. Qc1 Be6 28. h4 a4 29. hxg5 axb3 30. gxh6 Qa3+ 0-1

[Event "Yuri Averbakh's 85-jubilee "]
[Site "Naberezhnye Chelny"]
[Date "2007.02.19"]
[Round "2"]
[White "Gavariev, Renat"]
[Black "Kniazev, Igor"]
[Result "1/2-1/2"]
[ECO "A14"]
[WhiteElo "2309"]
[BlackElo "2254"]
[Annotator "Deniapkin,Konstantin"]
[PlyCount "107"]
[TimeControl "180"]

{48MB, Shredder9.ctg, COMPUTER} 1. c4 Nf6 2. g3 e6 3. Bg2 d5 4. b3 Be7 5. Nf3
c5 6. O-O Nc6 7. Bb2 d4 8. a3 a5 9. Re1 e5 10. e4 h6 11. Nh4 Bg4 12. Bf3 Be6
13. d3 Qd7 14. Nd2 g5 15. Nf5 Bxf5 16. exf5 Qxf5 17. Ne4 h5 18. Bg2 Nd7 19. b4
axb4 20. axb4 Rxa1 21. Qxa1 Kf8 22. bxc5 Nb4 23. Qb1 Nc6 24. Ba3 Nd8 25. Nd6
Bxd6 26. cxd6 b6 27. Qb5 h4 28. Bb4 Kg7 29. Be4 Qh3 30. Re2 Rh6 31. Bd2 hxg3
32. fxg3 Rf6 33. Re1 Rh6 34. Bxg5 Qxh2+ 35. Kf1 Rxd6 36. Bxd8 Nc5 37. Bh4 Qd2
38. Qb1 Re6 39. Qc1 Nxe4 40. dxe4 Qd3+ 41. Kg2 f6 42. Qd1 Qxc4 43. Qg4+ Kf7 44.
Rf1 d3 45. Rf2 Qd4 46. Qf5 d2 47. Bxf6 Qxf2+ 48. Kxf2 Rxf6 49. Ke2 Rxf5 50.
exf5 Kf6 51. g4 b5 52. Kxd2 e4 53. Ke3 Ke5 54. f6 1/2-1/2

[Event "Yuri Averbakh's 85-jubilee "]
[Site "Naberezhnye Chelny"]
[Date "2007.02.19"]
[Round "2"]
[White "Dimukhametov, Artur"]
[Black "Aleksandrov, Vladimir"]
[Result "1/2-1/2"]
[ECO "D79"]
[WhiteElo "2211"]
[BlackElo "2300"]
[Annotator "Deniapkin,Konstantin"]
[PlyCount "46"]
[TimeControl "180"]

{48MB, Shredder9.ctg, COMPUTER} 1. d4 Nf6 2. c4 g6 3. Nf3 Bg7 4. g3 c6 5. Bg2
d5 6. cxd5 cxd5 7. O-O O-O 8. Nc3 Nc6 9. Ne5 e6 10. Nxc6 bxc6 11. Na4 Nd7 12.
Bf4 Qa5 13. Bd6 Re8 14. Rc1 Ba6 15. Re1 Bb5 16. Nc3 Qb6 17. e3 Rec8 18. b4 Bc4
19. Na4 Qb7 20. Nb2 Ba6 21. Nd3 Bc4 22. Nb2 Ba6 23. Nd3 Bc4 1/2-1/2

[Event "Yuri Averbakh's 85-jubilee "]
[Site "Naberezhnye Chelny"]
[Date "2007.02.19"]
[Round "2"]
[White "Alyautdinov, Rushan"]
[Black "Sadykov, Aidar"]
[Result "0-1"]
[ECO "B75"]
[WhiteElo "2186"]
[BlackElo "2266"]
[Annotator "Deniapkin,Konstantin"]
[PlyCount "74"]
[TimeControl "180"]

{48MB, Shredder9.ctg, COMPUTER} 1. e4 c5 2. Nf3 d6 3. d4 cxd4 4. Nxd4 Nf6 5.
Nc3 g6 6. Be3 Bg7 7. f3 Nc6 8. Bc4 Qb6 9. Bb3 Ng4 10. fxg4 Bxd4 11. Nd5 Qa5+
12. Bd2 Qd8 13. c3 Bg7 14. Qe2 e6 15. Ne3 O-O 16. O-O-O Ne5 17. h4 a5 18. h5 g5
19. h6 Bf6 20. Nf1 b5 21. Nh2 Ba6 22. Kb1 b4 23. Qf2 a4 24. Bxa4 Bd3+ 25. Bc2
b3 26. axb3 Ra1+ 27. Kxa1 Bxc2 28. Qa7 Qb6 29. Qa3 Qb7 30. Rc1 Bxe4 31. c4 Ra8
32. Ba5 Nc6 33. b4 Nxa5 34. Rc3 Nxc4 35. Ka2 Bxc3 36. Qxa8+ Qxa8+ 37. Kb3 Bxb2
0-1

[Event "Yuri Averbakh's 85-jubilee "]
[Site "Naberezhnye Chelny"]
[Date "2007.02.19"]
[Round "2"]
[White "Mironov, Vyacheslav"]
[Black "Murzin, Lenar"]
[Result "0-1"]
[ECO "B43"]
[WhiteElo "2025"]
[BlackElo "2205"]
[Annotator "Deniapkin,Konstantin"]
[PlyCount "76"]
[TimeControl "180"]

{48MB, Shredder9.ctg, COMPUTER} 1. e4 c5 2. Nf3 e6 3. d4 cxd4 4. Nxd4 a6 5. Nc3
Qc7 6. Be3 Nf6 7. f3 Bb4 8. Qd2 d5 9. Bd3 e5 10. Nde2 d4 11. Nxd4 exd4 12. Bxd4
Nbd7 13. O-O Bc5 14. Bxc5 Qxc5+ 15. Kh1 O-O 16. f4 Qh5 17. Rf3 Nc5 18. f5 Nxd3
19. cxd3 h6 20. Raf1 Qg5 21. Qc2 Ng4 22. Qe2 Bd7 23. Rf4 h5 24. h3 Nf6 25. e5
Rfe8 26. d4 Bc6 27. Qf2 Nd5 28. Rf3 Nxc3 29. Rxc3 h4 30. Rc5 Rad8 31. e6 Qg3
32. Qc2 Qxh3+ 33. Kg1 Qe3+ 34. Kh2 Rxd4 35. exf7+ Kxf7 36. f6 g6 37. Rc3 Rd2
38. Qb3+ Qe6 0-1

[Event "Yuri Averbakh's 85-jubilee "]
[Site "Naberezhnye Chelny"]
[Date "2007.02.21"]
[Round "3"]
[White "Kniazev, Igor"]
[Black "Dimukhametov, Artur"]
[Result "0-1"]
[ECO "A06"]
[WhiteElo "2254"]
[BlackElo "2211"]
[Annotator "Deniapkin,Konstantin"]
[PlyCount "67"]
[TimeControl "180"]

{48MB, Shredder9.ctg, COMPUTER} 1. Nf3 d5 2. e3 c5 3. c4 e6 4. b3 Nc6 5. cxd5
exd5 6. Bb2 Nf6 7. Bb5 Bd6 8. O-O O-O 9. d4 Bg4 10. dxc5 Bxc5 11. Be2 a6 12.
Qc2 Ba7 13. Rd1 Rc8 14. Qd2 Ne4 15. Qe1 Qe7 16. Nd4 Nxd4 17. Bxd4 Bxd4 18. exd4
Nxf2 19. Kxf2 Rfe8 20. Nc3 Bxe2 21. Nxe2 Qe3+ 22. Kf1 Rc2 23. Rac1 Rxe2 24. Qg3
Qe4 25. Rd3 Rxg2 26. Qe3 Rxh2 27. Qxe4 dxe4 28. Kg1 exd3 29. Kxh2 g5 30. Rd1
Re3 31. Kg2 f5 32. Kf2 f4 33. d5 Kf7 34. Rh1 0-1

[Event "Yuri Averbakh's 85-jubilee "]
[Site "Naberezhnye Chelny"]
[Date "2007.02.21"]
[Round "3"]
[White "Sadykov, Aidar"]
[Black "Zakirov, Rustam"]
[Result "1-0"]
[ECO "B12"]
[WhiteElo "2266"]
[BlackElo "2279"]
[Annotator "Deniapkin,Konstantin"]
[PlyCount "81"]
[TimeControl "180"]

{48MB, Shredder9.ctg, COMPUTER} 1. e4 c6 2. d4 d5 3. e5 Bf5 4. Nc3 h5 5. Bd3
Bxd3 6. Qxd3 e6 7. Nf3 Ne7 8. O-O Nf5 9. Ne2 Be7 10. b3 a5 11. Ng3 g6 12. c4
Qb6 13. c5 Qa6 14. Qxa6 Rxa6 15. Nxf5 gxf5 16. Bd2 Nd7 17. Rac1 a4 18. b4 b5
19. cxb6 Rxb6 20. a3 Rg8 21. h3 Nb8 22. Bc3 Na6 23. Rc2 Nc7 24. Bb2 Nb5 25. Nd2
Kd7 26. Nb1 Rbb8 27. Rfc1 Bg5 28. Rd1 f6 29. Nc3 Nxc3 30. Bxc3 fxe5 31. dxe5
Be7 32. Bd4 Rgc8 33. Bc5 Bg5 34. Rd3 Rg8 35. Bd6 Ra8 36. Rdc3 Rgc8 37. Rg3 Bd8
38. Rg7+ Ke8 39. Rc3 Bh4 40. Rh7 f4 41. Rf3 1-0

[Event "Yuri Averbakh's 85-jubilee "]
[Site "Naberezhnye Chelny"]
[Date "2007.02.21"]
[Round "3"]
[White "Aleksandrov, Vladimir"]
[Black "Alyautdinov, Rushan"]
[Result "0-1"]
[ECO "A44"]
[WhiteElo "2300"]
[BlackElo "2186"]
[Annotator "Deniapkin,Konstantin"]
[PlyCount "148"]
[TimeControl "180"]

{48MB, Shredder9.ctg, COMPUTER} 1. d4 c5 2. d5 e5 3. e4 d6 4. Nc3 Be7 5. Bb5+
Nd7 6. a4 Bg5 7. Nf3 Bxc1 8. Qxc1 Ngf6 9. O-O O-O 10. Bd3 Re8 11. Nd2 Nf8 12.
Nc4 Re7 13. f4 Ng6 14. f5 Nf8 15. Qg5 h6 16. Qh4 Rd7 17. g4 Ne8 18. Qxd8 Rxd8
19. Kg2 f6 20. a5 Kf7 21. Kg3 Ke7 22. h4 Nh7 23. b3 Nc7 24. Rfb1 Nf8 25. Kf3
Bd7 26. Rg1 Nh7 27. Ke3 Rdb8 28. Na3 b5 29. axb6 axb6 30. Nab5 Rxa1 31. Rxa1
Ra8 32. Rxa8 Nxa8 33. Na4 Nf8 34. Be2 Be8 35. Na7 Bxa4 36. bxa4 Kd7 37. Bb5+
Kd8 38. Bc6 Nc7 39. Bb7 Nd7 40. Bc8 Ne8 41. Kd2 Nc7 42. Kc3 Ne8 43. Kb2 Nc7 44.
Ka3 Nb8 45. a5 bxa5 46. Ka4 Nxd5 47. exd5 e4 48. Nb5 e3 49. Nc3 Kxc8 50. Kxa5
Nd7 51. Kb5 Ne5 52. Ne2 Kb7 53. h5 Nxg4 54. Kc4 Ne5+ 55. Kc3 Nf3 56. Kd3 Nd4
57. Ng3 e2 58. Kd2 Nxc2 59. Kxe2 Nb4 60. Ne4 Kc7 61. Nc3 Kb6 62. Ke3 Na6 63.
Kd3 Nb8 64. Ne4 Kc7 65. Nc3 Na6 66. Ne2 Nb4+ 67. Ke4 Kd7 68. Nf4 Ke7 69. Ne6 c4
70. Kd4 c3 71. Kxc3 Nxd5+ 72. Kd4 Nb4 73. Nxg7 Nc6+ 74. Ke4 Nd8 0-1

[Event "Yuri Averbakh's 85-jubilee "]
[Site "Naberezhnye Chelny"]
[Date "2007.02.21"]
[Round "3"]
[White "Murzin, Lenar"]
[Black "Maksimov, Sergei"]
[Result "1-0"]
[ECO "B27"]
[WhiteElo "2205"]
[BlackElo "2262"]
[Annotator "Deniapkin,Konstantin"]
[PlyCount "33"]
[TimeControl "180"]

{48MB, Shredder9.ctg, COMPUTER} 1. e4 c5 2. Nf3 g6 3. d4 Bg7 4. dxc5 Na6 5. Bc4
Qa5+ 6. c3 Qxc5 7. Qe2 Nc7 8. Be3 Qh5 9. Nbd2 d6 10. h3 b5 11. Bd3 b4 12. cxb4
Bxb2 13. Rb1 Bg7 14. Rc1 Kd8 15. Nf1 Bg4 16. Ng3 Bxf3 17. Qc2 1-0

[Event "Yuri Averbakh's 85-jubilee "]
[Site "Naberezhnye Chelny"]
[Date "2007.02.21"]
[Round "3"]
[White "Davletshin, Mars"]
[Black "Gavariev, Renat"]
[Result "1/2-1/2"]
[ECO "E42"]
[WhiteElo "2112"]
[BlackElo "2309"]
[Annotator "Deniapkin,Konstantin"]
[PlyCount "83"]
[TimeControl "180"]

{48MB, Shredder9.ctg, COMPUTER} 1. d4 Nf6 2. c4 e6 3. Nc3 Bb4 4. e3 c5 5. Nge2
O-O 6. a3 Bxc3+ 7. Nxc3 cxd4 8. exd4 d5 9. Bg5 Nc6 10. cxd5 exd5 11. Be2 Be6
12. O-O h6 13. Bh4 g5 14. Bg3 Ne4 15. f4 Nxg3 16. hxg3 Qb6 17. Kh1 f5 18. fxg5
hxg5 19. Nb5 Rf7 20. Qd2 Rh7+ 21. Kg1 Rg7 22. Qe3 Re8 23. Rad1 Qd8 24. Qd3 a6
25. Nc3 Qd6 26. Bf3 Na5 27. Rfe1 Rd8 28. Qe2 Bf7 29. Qe5 Nc4 30. Qxf5 g4 31.
Bxd5 Bxd5 32. Nxd5 Rf8 33. Qe4 Nxb2 34. Rb1 Nc4 35. Ne7+ Kh8 36. Nf5 Rxf5 37.
Qxf5 Qxd4+ 38. Qf2 Qxf2+ 39. Kxf2 Nxa3 40. Re8+ Kh7 41. Rb4 b5 42. Ree4 1/2-1/2

[Event "Yuri Averbakh's 85-jubilee "]
[Site "Naberezhnye Chelny"]
[Date "2007.02.25"]
[Round "4"]
[White "Gavariev, Renat"]
[Black "Murzin, Lenar"]
[Result "1-0"]
[ECO "E15"]
[WhiteElo "2309"]
[BlackElo "2205"]
[Annotator "Deniapkin,Konstantin"]
[PlyCount "75"]
[TimeControl "180"]

{48MB, Shredder9.ctg, COMPUTER} 1. d4 Nf6 2. c4 e6 3. Nf3 b6 4. g3 Ba6 5. b3
Bb4+ 6. Bd2 Be7 7. Bg2 c6 8. Bc3 d5 9. Ne5 Nfd7 10. Nxd7 Nxd7 11. Nd2 O-O 12.
O-O b5 13. c5 Bf6 14. Re1 b4 15. Bb2 Nxc5 16. Rc1 Nd7 17. Rxc6 Bb5 18. Rc2 Qb6
19. Nf3 Rac8 20. Qd2 a5 21. Rec1 Qb7 22. Ne5 Nxe5 23. dxe5 Be7 24. Bd4 Ba6 25.
Bf3 h6 26. h4 Qd7 27. Bc5 Rxc5 28. Rxc5 Bxc5 29. Rxc5 Bb5 30. a3 Ra8 31. axb4
a4 32. bxa4 Rxa4 33. Qc2 Ra1+ 34. Kg2 Bc4 35. Qc3 Rb1 36. Qa3 g6 37. Qa8+ Kg7
38. Rc8 1-0

[Event "Yuri Averbakh's 85-jubilee "]
[Site "Naberezhnye Chelny"]
[Date "2007.02.25"]
[Round "4"]
[White "Dimukhametov, Artur"]
[Black "Davletshin, Mars"]
[Result "1-0"]
[ECO "E35"]
[WhiteElo "2211"]
[BlackElo "2112"]
[Annotator "Deniapkin,Konstantin"]
[PlyCount "39"]
[TimeControl "180"]

{48MB, Shredder9.ctg, COMPUTER} 1. d4 Nf6 2. c4 e6 3. Nc3 Bb4 4. Qc2 d5 5. cxd5
exd5 6. Nf3 O-O 7. Bg5 c5 8. e3 Nc6 9. Be2 cxd4 10. Nxd4 Nxd4 11. exd4 h6 12.
Bh4 Be6 13. O-O Rc8 14. Qb3 Qb6 15. Na4 Qxd4 16. Bxf6 gxf6 17. Qg3+ Kh7 18.
Rad1 Qe5 19. Bd3+ Kh8 20. Qh4 1-0

[Event "Yuri Averbakh's 85-jubilee "]
[Site "Naberezhnye Chelny"]
[Date "2007.02.25"]
[Round "4"]
[White "Zakirov, Rustam"]
[Black "Mironov, Vyacheslav"]
[Result "1-0"]
[ECO "A21"]
[WhiteElo "2279"]
[BlackElo "2025"]
[Annotator "Deniapkin,Konstantin"]
[PlyCount "115"]
[TimeControl "180"]

{48MB, Shredder9.ctg, COMPUTER} 1. c4 e5 2. Nc3 d6 3. Nf3 g6 4. g3 Bg7 5. Bg2
Ne7 6. d4 Nd7 7. dxe5 dxe5 8. O-O O-O 9. Bg5 c6 10. Bxe7 Qxe7 11. Ne4 f5 12.
Qd6 Qe8 13. Nc3 Rf6 14. Qa3 Bf8 15. b4 a5 16. c5 Kh8 17. Nd2 Ra6 18. Nb3 axb4
19. Qxb4 b6 20. Qh4 bxc5 21. Na4 Rd6 22. Naxc5 Nxc5 23. Nxc5 Rd4 24. Qf6+ Bg7
25. Qg5 h6 26. Qc1 Ra8 27. a4 Ba6 28. Nxa6 Rxa6 29. e3 Rb4 30. Ra2 e4 31. Qc2
Qa8 32. Rc1 Raxa4 33. Rxa4 Rxa4 34. Qxc6 Qxc6 35. Rxc6 Kh7 36. Bf1 Ra5 37. Bc4
Ra7 38. h4 h5 39. Ba6 Rf7 40. Bc8 Kh6 41. Kf1 Rf6 42. Be6 Bh8 43. Ke2 Bg7 44.
Kd2 Rf8 45. Kc2 Kh7 46. Rb6 Kh6 47. Kb3 Kh7 48. Kc4 Kh6 49. Ra6 Kh7 50. Kc5 Kh6
51. Kd6 Rf6 52. Ke7 Kh7 53. Bg8+ Kxg8 54. Rxf6 Bxf6+ 55. Kxf6 Kh7 56. Kf7 Kh6
57. Kg8 g5 58. hxg5+ 1-0

[Event "Yuri Averbakh's 85-jubilee "]
[Site "Naberezhnye Chelny"]
[Date "2007.02.25"]
[Round "4"]
[White "Sadykov, Aidar"]
[Black "Aleksandrov, Vladimir"]
[Result "1/2-1/2"]
[ECO "C42"]
[WhiteElo "2266"]
[BlackElo "2300"]
[Annotator "Deniapkin,Konstantin"]
[PlyCount "35"]
[TimeControl "180"]

{48MB, Shredder9.ctg, COMPUTER} 1. e4 e5 2. Nf3 Nf6 3. Nxe5 d6 4. Nf3 Nxe4 5.
d4 d5 6. Bd3 Nc6 7. O-O Be7 8. c4 Nb4 9. Be2 Bf5 10. Nc3 O-O 11. a3 Nxc3 12.
bxc3 Nc6 13. Re1 Re8 14. cxd5 Qxd5 15. Bf4 Rac8 16. h3 Be4 17. Bg3 Bd6 18. Nd2
1/2-1/2

[Event "Yuri Averbakh's 85-jubilee "]
[Site "Naberezhnye Chelny"]
[Date "2007.02.25"]
[Round "4"]
[White "Alyautdinov, Rushan"]
[Black "Kniazev, Igor"]
[Result "1-0"]
[ECO "C89"]
[WhiteElo "2186"]
[BlackElo "2254"]
[Annotator "Deniapkin,Konstantin"]
[PlyCount "117"]
[TimeControl "180"]

{48MB, Shredder9.ctg, COMPUTER} 1. e4 e5 2. Nf3 Nc6 3. Bb5 a6 4. Ba4 Nf6 5. O-O
Be7 6. Re1 b5 7. Bb3 O-O 8. c3 d5 9. exd5 Nxd5 10. Nxe5 Nxe5 11. Rxe5 c6 12. d4
Bd6 13. Re1 Qh4 14. g3 Qh3 15. Qd3 Bg4 16. Qf1 Qh5 17. Be3 g5 18. Nd2 Nf4 19.
gxf4 gxf4 20. Ne4 Kh8 21. Ng3 Qh4 22. Bxf4 Bxf4 23. Qd3 Rad8 24. Bd1 Rd6 25.
Bxg4 Qxg4 26. Qf5 Qh4 27. Re4 Rf6 28. Qh5 Qxh5 29. Nxh5 Rg6+ 30. Ng3 Bd6 31.
Rae1 Rfg8 32. Kf1 Rf8 33. Re8 Rgg8 34. Rxf8 Rxf8 35. Kg2 Ra8 36. h3 a5 37. Nf5
Bf4 38. Kf3 Bg5 39. Nd6 Kg7 40. Rg1 f6 41. h4 Kg6 42. hxg5 fxg5 43. Ne4 h6 44.
b3 a4 45. Nc5 axb3 46. axb3 Kf5 47. Re1 h5 48. Re5+ Kg6 49. Re6+ Kf5 50. Rxc6
g4+ 51. Kg3 Ra2 52. d5 Kg5 53. d6 h4+ 54. Kg2 h3+ 55. Kg3 h2 56. Kxh2 Kh4 57.
d7 Rxf2+ 58. Kg1 Rd2 59. Rh6+ 1-0

[Event "Yuri Averbakh's 85-jubilee "]
[Site "CCC"]
[Date "2007.02.27"]
[Round "5"]
[White "Kniazev, Igor"]
[Black "Sadykov, Aidar"]
[Result "0-1"]
[ECO "E01"]
[WhiteElo "2254"]
[BlackElo "2266"]
[Annotator "Deniapkin,Konstantin"]
[PlyCount "137"]
[TimeControl "180"]

{48MB, Shredder9.ctg, COMPUTER} 1. d4 Nf6 2. c4 e6 3. g3 d5 4. Bg2 Be7 5. Bg5
O-O 6. e3 dxc4 7. Qa4 a6 8. Qxc4 Nbd7 9. Nd2 c5 10. Ne2 b5 11. Qc2 Ra7 12. Bxf6
gxf6 13. Rd1 Bb7 14. Bxb7 Rxb7 15. Qe4 Qb6 16. g4 cxd4 17. exd4 Rc7 18. Nb3
Bb4+ 19. Kf1 Rfc8 20. Rg1 Rc2 21. Nc5 Rxb2 22. Nxd7 Qd8 23. g5 fxg5 24. Ne5
Rcc2 25. Nc6 Qf6 26. Nxb4 Rxe2 27. Qxe2 Rxe2 28. Kxe2 a5 29. Nc6 Qf4 30. Nxa5
Qe4+ 31. Kf1 g4 32. Nb3 h5 33. Rg3 Qh1+ 34. Ke2 Qxh2 35. d5 exd5 36. Rxd5 Qh1
37. Rgd3 Qe4+ 38. Kd1 h4 39. Nc5 Qh1+ 40. Kc2 Qg2 41. Rf5 g3 42. Rd8+ Kg7 43.
Rd7 h3 44. Rdxf7+ Kg8 45. Rf8+ Kh7 46. R5f7+ Kg6 47. Nd3 Qc6+ 48. Kb2 Qe4 49.
Nf4+ Kh6 50. fxg3 Qb4+ 51. Kc2 Qc4+ 52. Kd2 Qxa2+ 53. Ke3 Qb3+ 54. Ke4 Qxf7 55.
Rxf7 h2 56. Kf5 h1=Q 57. Rd7 Qb1+ 58. Rd3 b4 59. g4 b3 60. g5+ Kg7 61. Ke5 Qa1+
62. Kf5 Qb1 63. Ke5 Qe1+ 64. Kf5 b2 65. Rd7+ Kg8 66. Rd8+ Kf7 67. g6+ Ke7 68.
Rd3 b1=Q 69. g7 0-1

[Event "Yuri Averbakh's 85-jubilee "]
[Site "CCC"]
[Date "2007.02.27"]
[Round "5"]
[White "Mironov, Vyacheslav"]
[Black "Maksimov, Sergei"]
[Result "1/2-1/2"]
[ECO "B27"]
[WhiteElo "2025"]
[BlackElo "2262"]
[Annotator "Deniapkin,Konstantin"]
[PlyCount "140"]
[TimeControl "180"]

{48MB, Shredder9.ctg, COMPUTER} 1. e4 c5 2. Nf3 g6 3. d4 Bg7 4. Nc3 cxd4 5.
Nxd4 Nh6 6. Be3 d6 7. f3 f5 8. Qd2 e5 9. Bxh6 Qh4+ 10. g3 Bxh6 11. Qd3 Qd8 12.
Ndb5 O-O 13. Qxd6 Qxd6 14. Nxd6 Nc6 15. Bc4+ Kg7 16. O-O Nd4 17. Bd3 fxe4 18.
fxe4 Bh3 19. Rxf8 Rxf8 20. Nd5 Nf3+ 21. Kh1 Nd2 22. Nc4 Nf3 23. Bf1 Be6 24. Bg2
b5 25. Nce3 Bxe3 26. Nxe3 Ng5 27. h4 Nf7 28. Rd1 a5 29. a3 Rb8 30. Nd5 b4 31.
axb4 Bxd5 32. Rxd5 Rxb4 33. b3 a4 34. bxa4 Rxa4 35. Kh2 Rc4 36. Rd2 g5 37. Kh3
Kf6 38. Kg4 gxh4 39. gxh4 Rc3 40. Bf1 Re3 41. Bd3 Nd6 42. Re2 h5+ 43. Kxh5 Rg3
44. Rf2+ Kg7 45. Rf1 Ne8 46. Be2 Nf6+ 47. Rxf6 Kxf6 48. Bg4 Rc3 49. Bf5 Rxc2
50. Kg4 Rh2 51. Kg3 Rh1 52. Kg4 Kg7 53. h5 Kh6 54. Bg6 Rf1 55. Kg3 Kg5 56. Kg2
Rb1 57. Kf3 Rb3+ 58. Ke2 Rh3 59. Kf2 Rxh5 60. Bxh5 Kxh5 61. Kg3 Kg5 62. Kg2 Kg4
63. Kg1 Kf3 64. Kf1 Kxe4 65. Ke2 Kd4 66. Kd2 e4 67. Ke2 e3 68. Ke1 Kd3 69. Kd1
e2+ 70. Ke1 Ke3 1/2-1/2

[Event "Yuri Averbakh's 85-jubilee "]
[Site "CCC"]
[Date "2007.02.27"]
[Round "5"]
[White "Aleksandrov, Vladimir"]
[Black "Zakirov, Rustam"]
[Result "1-0"]
[ECO "E73"]
[WhiteElo "2300"]
[BlackElo "2279"]
[Annotator "Deniapkin,Konstantin"]
[PlyCount "117"]
[TimeControl "180"]

{48MB, Shredder9.ctg, COMPUTER} 1. d4 Nf6 2. c4 g6 3. Nc3 Bg7 4. e4 d6 5. Be2
O-O 6. Nf3 Bg4 7. Ng1 Bc8 8. h3 Na6 9. Nf3 c5 10. d5 Nc7 11. O-O Rb8 12. Re1
Nd7 13. Bf4 Ne5 14. Nxe5 Bxe5 15. Qd2 Bxf4 16. Qxf4 e5 17. dxe6 Nxe6 18. Qd2
Nd4 19. Nb5 Nxb5 20. cxb5 Qf6 21. Bc4 Be6 22. b3 Bxc4 23. bxc4 Rfe8 24. Rad1
Re6 25. f3 b6 26. Re3 Qe7 27. Rd3 Rd8 28. Qf4 Re5 29. Rd5 Kg7 30. Qd2 Rxd5 31.
Qxd5 Qe6 32. e5 Qxd5 33. Rxd5 f6 34. f4 fxe5 35. fxe5 Kf7 36. Kf2 Ke7 37. Ke3
Ke6 38. Ke4 Rd7 39. g4 Rd8 40. h4 Rd7 41. h5 gxh5 42. gxh5 Rd8 43. a4 Rd7 44.
Rxd6+ Rxd6 45. exd6 Kxd6 46. Kf5 Ke7 47. Ke5 h6 48. Kd5 Kd7 49. a5 bxa5 50.
Kxc5 Kc7 51. Kd4 Kb6 52. Kd5 Kc7 53. c5 Kd7 54. Kc4 Ke6 55. Kb3 Kd5 56. c6 Kd6
57. Ka4 a6 58. Kxa5 axb5 59. Kb6 1-0

[Event "Yuri Averbakh's 85-jubilee "]
[Site "CCC"]
[Date "2007.02.17"]
[Round "1"]
[White "Murzin, Lenar"]
[Black "Moukhametov, Alfat"]
[Result "1-0"]
[ECO "D46"]
[WhiteElo "2205"]
[BlackElo "2089"]
[Annotator "Deniapkin,Konstantin"]
[PlyCount "63"]
[TimeControl "180"]

{48MB, Shredder9.ctg, COMPUTER} 1. d4 Nf6 2. c4 e6 3. Nf3 d5 4. Nc3 c6 5. e3
Nbd7 6. Bd3 Bd6 7. e4 dxe4 8. Nxe4 Nxe4 9. Bxe4 Nf6 10. Bc2 O-O 11. O-O c5 12.
Bg5 cxd4 13. Qxd4 Be7 14. Qh4 g6 15. Rad1 Bd7 16. Rxd7 Qxd7 17. Bxf6 Bxf6 18.
Qxf6 Rad8 19. h4 h5 20. Re1 Rde8 21. Re3 Qe7 22. Qc3 Rc8 23. Ng5 Qc7 24. b3
Rfe8 25. Ne4 Red8 26. Qf6 b5 27. Rg3 e5 28. c5 Rd7 29. b4 Rd4 30. Bb3 Rxe4 31.
Qxg6+ Kf8 32. Qxe4 1-0